 Dungeon Crawl Stone Soup version 0.30-a0-219-gf2db51d15e (webtiles) character file.

Game seed: 3954668224384956987

886 lorenzova the Thaumaturge (level 7, -6/36 HPs)
             Began as a Deep Elf Conjurer on Oct 7, 2022.
             Was an Initiate of Vehumet.
             Killed from afar by Pikel (17 damage)
             ... with a bolt of dispelling energy
             ... on level 5 of the Dungeon.
             The game lasted 00:14:46 (5913 turns).

lorenzova the Thaumaturge (Deep Elf Conjurer)       Turns: 5913, Time: 00:14:46

Health: -6/36      AC:  4    Str:  4    XL:     7   Next: 76%
Magic:  29/29      EV: 12    Int: 35    God:    Vehumet [......]
Gold:   215        SH:  0    Dex: 13    Spells: 11/22 levels left

rFire   . . .      SeeInvis .    y - +4 dagger of Woe {holy, Fragile rC+ MP+9 Int+4}
rCold   + . .      Faith    .    (no shield)
rNeg    . . .      Spirit   .    a - +0 robe
rPois   .          Reflect  .    (no helmet)
rElec   .          Harm     .    e - +0 cloak
rCorr   .          Rampage  .    u - +0 pair of gloves
Will    .....                    (no boots)
Stlth   ++........               (no amulet)
HPRegen 0.26/turn                k - +6 ring of intelligence
MPRegen 0.21/turn                (no ring)

@: no status effects
A: no striking features
a: Renounce Religion


You were on level 5 of the Dungeon.
You worshipped Vehumet.
Vehumet was noncommittal.
You visited 1 branch of the dungeon, and saw 5 of its levels.

You collected 215 gold pieces.

Inventory:

Hand Weapons
 g - a +0 short sword
 y - the +4 dagger of Woe (weapon) {holy, Fragile rC+ MP+9 Int+4}
   (You found it on level 4 of the Dungeon)

   It has been blessed by the Shining One to cause great damage to the undead
   and demons.
   Int:       It affects your intelligence (+4).
   rC:        It protects you from cold.
   MP:        It affects your magic capacity (+9).
   Fragile:   It will be destroyed if unequipped.
Missiles
 p - a throwing net
Armour
 a - a +0 robe (worn)
 e - a +0 cloak (worn)
 u - a +0 pair of gloves (worn)
Magical Staves
 i - a staff of earth
 j - a staff of cold
Jewellery
 k - a +6 ring of intelligence (left hand)
 A - a +6 ring of dexterity
Wands
 c - a wand of charming (6)
Scrolls
 h - 3 scrolls of blinking
 n - a scroll of immolation {unknown}
 r - a scroll of enchant armour {unknown}
 s - a scroll of fog {unknown}
 v - a scroll of vulnerability {unknown}
 w - 2 scrolls of teleportation
 x - a scroll of torment
 z - a scroll of poison {unknown}
Potions
 b - 2 potions of magic
 d - a potion of attraction {unknown}
 f - 3 potions of curing
 l - 3 potions of heal wounds
 m - 2 potions of haste {unknown}
 o - a potion of resistance {unknown}
 q - a potion of invisibility {unknown}
 t - 2 potions of flight {unknown}


   Skills:
 - Level 2.4 Dodging
 - Level 2.4 Stealth
 * Level 8.4 Spellcasting
 * Level 7.9 Conjurations
 + Level 1.9 Hexes
 + Level 1.6 Translocations


You had 11 spell levels left.
You knew the following spells:

 Your Spells              Type           Power      Damage    Failure   Level
a - Magic Dart            Conj           100%       1d8       1%          1
b - Searing Ray           Conj           100%       2d8       1%          2
c - Iskenderun's Mystic   Conj/Tloc      48%        2d11      4%          4
d - Fulminant Prism       Conj/Hex       24%        3d13      3%          4

Your spell library contained the following spells:

 Spells                   Type           Power      Damage    Failure   Level
 Kiss of Death            Conj/Necr      100%       2d13      1%          1
 Dazzling Flash           Conj/Hex       98%        N/A       1%          3
 Confusing Touch          Hex            28%        N/A       4%          3
 Kindle Blastsparks       Fire/Tloc/Air  36%        2d13      7%          3
 Ozocubu's Armour         Ice            14%        N/A       9%          3
 Dispel Undead            Necr           14%        3d10      28%         4
 Lee's Rapid Deconstruct  Erth           7%         3d7*      63%         5
 Ozocubu's Refrigeration  Ice            7%         4d9       100%        7


Dungeon Overview and Level Annotations

Branches:
Dungeon (5/15)
 Temple: D:4-7

Altars:
Cheibriados
Elyvilon
Hepliaklqana
Uskayaw
Vehumet

Shops:
D:2 [

Annotations:
D:3 exclusion: downstairs
D:5 Pikel


Message History

Press: ? - help, Shift-Dir - straight line, f/p - ogre
Aim: an ogre, wielding a +0 giant club (lightly wounded, 100% to hit)
The magic dart hits the ogre.
The ogre is lightly wounded.
Casting: Magic Dart (safe; 1% risk of failure)
Confirm with . or Enter, or press ? or * to list all spells.
Aiming: Searing Ray (safe; 1% risk of failure)
Press: ? - help, Shift-Dir - straight line, f/p - ogre
Aim: an ogre, wielding a +0 giant club (lightly wounded, 92% to hit)
The searing ray hits the ogre!
The ogre is heavily wounded. (Press . to maintain the ray.) Unknown command.
The searing ray hits the ogre.
The ogre is severely wounded.
The searing ray hits the ogre!
You kill the ogre!
Vehumet accepts your kill.
You start resting.
Magic restored.
Things that are here:
a +0 dagger; a +0 ring mail You now have 215 gold pieces (gained 14).
Things that are here:
a +0 club; a +0 chain mail You see here a +0 hand axe.
Things that are here:
a +2 flail of protection; a +0 ring mail
Found a stone staircase leading up.
Pikel, Merchant of Souls comes into view.
He is wielding a +2 whip of electrocution and carrying a wand of quicksilver (9).
A lemure comes into view.
Pikel shouts!
A lemure comes into view.
The lemure shouts!
Pikel zaps a wand.
The bolt of dispelling energy hits you!!
Ouch! That really hurt!
A lemure comes into view.
Pikel zaps a wand.
The bolt of dispelling energy hits you!
You die...

### ##.# ### ###.## ##.#
##.#.## # ###..####.....###
### .# #.@##....##.##..###
..##.....
##.####..###.###...#
.....#..# ##..#
##.###...#...#
....##..#####K..##
##...........# ....#
..#........###......####...
.#..###....5..#.......###.#
##..
###..##...5..5.......##
#........
####.........#........#
........
.#.....................#
........


You could see Pikel and 3 lemures.

Vanquished Creatures
  A water moccasin (D:5)
  A black bear (D:4)
  2 ogres
  A bullfrog (D:4)
  A scorpion (D:5)
  2 orc priests (D:4)
  An iron imp (D:5)
  A jelly (D:5)
  An iguana (D:5)
  An orc wizard (D:4)
  4 gnolls (D:5)
  5 adders
  5 worms
  A dart slug (D:3)
  20 orcs
  6 ball pythons
  11 endoplasms
  2 giant cockroaches
  9 goblins
  11 hobgoblins
  8 jackals
  A quokka (D:4)
  7 bats
  4 frilled lizards
  7 kobolds
  6 rats
119 creatures vanquished.

Notes
Turn   | Place    | Note
-------+----------+-------------------------------------------
     0 | D:1      | lorenzova the Deep Elf Conjurer began the quest for the
                  | Orb.
     0 | D:1      | Reached XP level 1. HP: 10/10 MP: 6/6
   272 | D:1      | Reached XP level 2. HP: 15/15 MP: 5/8
   302 | D:1      | Learned a level 2 spell: Searing Ray
   501 | D:1      | Found a faded altar of an unknown god.
   734 | D:1      | Reached skill level 4 in Spellcasting
   764 | D:1      | Reached skill level 5 in Conjurations
   764 | D:1      | Reached XP level 3. HP: 19/19 MP: 4/10
  1864 | D:2      | Reached XP level 4. HP: 24/24 MP: 7/12
  2147 | D:2      | Found Butzofia's Antique Armour Boutique.
  2432 | D:3      | Reached skill level 5 in Spellcasting
  2461 | D:3      | Found a white marble altar of Elyvilon.
  2543 | D:3      | Found a hazy altar of Hepliaklqana.
  3067 | D:4      | Noticed a black bear
  3294 | D:4      | Reached XP level 5. HP: 28/28 MP: 6/14
  3530 | D:4      | Reached skill level 6 in Spellcasting
  3595 | D:4      | Identified the +4 dagger of Woe {holy, Fragile rC+ MP+9
                  | Int+4}
  3721 | D:4      | Noticed an ogre
  3800 | D:4      | Killed an ogre
  3801 | D:4      | Reached XP level 6. HP: 32/32 MP: 17/17
  3981 | D:4      | Found a radiant altar of Vehumet.
  4081 | D:4      | Became a worshipper of Vehumet
  4243 | D:4      | Reached skill level 7 in Spellcasting
  4548 | D:5      | Entered Level 5 of the Dungeon
  4562 | D:5      | Reached XP level 7. HP: 27/36 MP: 20/20
  4639 | D:5      | Found a hide-covered altar of Uskayaw.
  5028 | D:5      | Learned a level 4 spell: Iskenderun's Mystic Blast
  5033 | D:5      | Learned a level 4 spell: Fulminant Prism
  5190 | D:5      | Found a snail-covered altar of Cheibriados.
  5200 | D:5      | Reached skill level 1 in Hexes
  5333 | D:5      | Reached skill level 8 in Spellcasting
  5457 | D:5      | Reached skill level 1 in Translocations
  5908 | D:5      | Noticed Pikel
  5913 | D:5      | Killed from afar by Pikel

Illustrated notes

Levels and vault maps discovered:
D:1:      roderic_chinese_lattice_arrival, layout_loops_ring,
          hellmonk_ecumenical_altar_dog_temple
D:2:      layout_basic, serial_shops, nicolae_shop_advertising_works
          [nicolae_subvault_shop_adworks]
D:3:      layout_basic, elyvilon_altar_5, mainiacjoe_overflow_alcove_1,
          kennysheep_doodads, dreamdust_princess_corridor
D:4:      layout_basic, nicolae_vehumet_radiance,
          minmay_fractal_squares_gapless_5
D:5:      layout_layer_cave, chei_slow_surprise, mainiacjoe_overflow_brackets,
          uniq_blork_the_orc, uniq_pikel, uniq_crazy_yiuf_cottage

Skill      XL: |  1  2  3  4  5  6  7 |
---------------+----------------------+-----
Spellcasting   | 4 5 6 7 8 |  8.4
Conjurations   | 5 6 7 |  7.9
Hexes          | 1 |  1.9
Translocations | 1 |  1.6
Dodging        | |  2.4
Stealth        | |  2.4

Action                   |  1- 3 |  4- 6 |  7- 9 || total
-------------------------+-------+-------+-------++-------
Melee: Dagger            |       |     1 |       ||     1
 Cast: Magic Dart        |    83 |    81 |    31 ||   195
       Searing Ray       |     1 |    15 |    11 ||    27
  Use: Scroll            |       |     6 |       ||     6
Armor: Robe              |     3 |     1 |     2 ||     6
Dodge: Dodged            |     3 |    11 |     9 ||    23

Table legend: (Time is in decaauts)
 A = Elapsed time spent in this place.
 B = Non-inter-level travel time spent in this place.
 C = Inter-level travel time spent in this place.
 D = Time resting spent in this place.
 E = Time spent auto-exploring this place.
 F = Levels seen in this place.
 G = Mean time per level.
                   A        B        C        D        E       F      G
               +--------+--------+--------+--------+--------+-----+--------+
         Total |   5910 |   5786 |    124 |   2417 |   2484 |   5 | 1182.0 |
       Dungeon |   5910 |   5786 |    124 |   2417 |   2484 |   5 | 1182.0 |
               +--------+--------+--------+--------+--------+-----+--------+

Top non-repeatable levels by time:
     D:4: 1463 daAuts
     D:5: 1348 daAuts
     D:1: 1218 daAuts
     D:2: 1000 daAuts
     D:3: 880 daAuts
